 Dungeon Crawl Stone Soup version 0.20-a0-1122-gb7cbeb9 (webtiles) character file.

3627 4thArraOfDagon the Covert (level 9, -1/39 HPs)
             Began as a Felid Summoner on May 11, 2017.
             Was the Champion of Okawaru.
             Killed from afar by an ice statue (40 damage)
             ... with a shard of ice
             ... on level 14 of the Dungeon.
             The game lasted 00:37:41 (6833 turns).

4thArraOfDagon the Covert (Felid Summoner)          Turns: 6833, Time: 00:37:42

Health: -1/39      AC:  2    Str:  9    XL:     9   Next: 87%
Magic:  10/16      EV: 28    Int: 19    God:    Okawaru [******]
Gold:   786        SH:  0    Dex: 17    Spells: 5/16 levels left
                                        Lives:  0   Deaths: 2

rFire    . . .     SeeInvis +     - Unarmed
rCold    . . .     Gourm    .   (shield unavailable)
rNeg     . . .     Faith    .   (armour unavailable)
rPois    .         Spirit   .   (helmet unavailable)
rElec    .         Reflect  .   (cloak unavailable)
rCorr    .         Harm     .   (gloves unavailable)
MR       +....                  (boots unavailable)
Stlth    ++++++....             e - amulet of magic regeneration
Regen    0.2/turn               d - ring of wizardry
MPRegen  0.3/turn               (no ring)

@: mighty, heroism, finesse, flying, quick
A: no armour, no weapons or thrown items, stealth, claws 1, fangs 3, see
invisible, carnivore 3, speed 1, shaggy fur 2, slow metabolism 1, sharp paws
a: Heroism, Finesse, Renounce Religion


You were on level 14 of the Dungeon.
You worshipped Okawaru.
Okawaru was exalted by your worship.
You were very full.

You visited 2 branches of the dungeon, and saw 15 of its levels.
You also visited: Ossuary.

You collected 863 gold pieces.
You spent 77 gold pieces at shops.

Inventory:

Jewellery
 d - a ring of wizardry (left paw)
 e - an amulet of magic regeneration (around neck)
 f - an uncursed amulet of the gourmand
 h - an uncursed ring of ice
Wands
 m - a wand of enslavement (11/24)
 t - a wand of iceblast (1/15)
 u - a wand of flame (13/48)
 E - a wand of polymorph (5/24)
Scrolls
 j - 6 scrolls of teleportation
 v - 2 scrolls of fog
 w - a scroll of recharging {unknown}
 y - a scroll of random uselessness {unknown}
 z - a scroll of enchant armour {unknown}
 C - a scroll of magic mapping {unknown}
 F - 2 scrolls of fear
Potions
 c - 5 potions of heal wounds {unknown}
 g - a potion of curing
 i - 4 potions of flight
 k - a potion of ambrosia {unknown}
 n - 2 potions of degeneration
 o - 2 potions of brilliance
 p - 5 potions of might
 q - 2 potions of haste {unknown}
 s - 6 potions of agility
 x - a potion of mutation
 B - a potion of cancellation {unknown}
Books
 a - a book of Callings

   Spells                             Type                      Level
   a - Summon Small Mammal            Summoning                    1
   b - Call Imp                       Summoning                    2
   c - Call Canine Familiar           Summoning                    3
   d - Summon Guardian Golem          Hexes/Summoning              3
   e - Summon Lightning Spire         Summoning/Air                4
   f - Summon Ice Beast               Ice/Summoning                4
 r - a book of Cantrips

   Spells                             Type                      Level
   a - Confusing Touch                Hexes                        1
   b - Animate Skeleton               Necromancy                   1
   c - Summon Small Mammal            Summoning                    1
   d - Apportation                    Translocation                1
 A - a book of Geomancy

   Spells                             Type                      Level
   a - Sandblast                      Earth                        1
   b - Passwall                       Transmutation/Earth          2
   c - Stone Arrow                    Conjuration/Earth            3
   d - Petrify                        Transmutation/Earth          4
   e - Lee's Rapid Deconstruction     Earth                        5
Miscellaneous
 D - a sack of spiders
Comestibles
 b - 8 meat rations
 l - a royal jelly


   Skills:
 + Level 3.8(8.8) Fighting
 + Level 7.5(12.5) Dodging
 + Level 8.5(13.5) Stealth
 * Level 7.9(12.9) Unarmed Combat
 + Level 4.4 Spellcasting
 * Level 8.5 Summonings
 + Level 3.9 Invocations


You had 5 spell levels left.
You knew the following spells:

 Your Spells              Type           Power        Failure   Level  Hunger
a - Summon Small Mammal   Summ           ####         1%          1    None
b - Call Canine Familiar  Summ           #####...     1%          3    ###....
c - Summon Lightning Spi  Summ/Air       ###.....     9%          4    ####...
d - Passwall              Tmut/Erth      #.........   9%          2    #......
e - Animate Skeleton      Necr           N/A          5%          1    None


Dungeon Overview and Level Annotations

Branches:
Dungeon (14/15)            Temple (1/1) D:5
   Lair: D:8-11         Orc: D:9-12      Vaults: D:13-14

Altars:
Ashenzari
Cheibriados
Dithmenos
Elyvilon
Fedhas
Gozag
Hepliaklqana
Kikubaaqudgha
Makhleb
Nemelex Xobeh
Okawaru
Qazlal
Ru
Sif Muna
Trog
Uskayaw
Vehumet
Wu Jian
Xom
Yredelemnul
Zin
The Shining One

Shops:
D:9 [   D:11 *

Annotations:
D:14 exclusion: ice statue


Innate Abilities, Weirdness & Mutations

You cannot wear armour.
You are incapable of wielding weapons or throwing items.
Your paws allow you to move quietly. (Stealth)
You have sharp claws.
You have razor-sharp teeth.
You have supernaturally acute eyesight. (SInv)
You are carnivorous and can eat meat at any time.
You cover ground quickly.
You are covered in thick fur. (AC +2)
You have a slow metabolism.
Your sharp claws are effective at attacking unaware monsters.


Message History

Unknown command.
You feel more confident with your borrowed prowess.
Unknown command.
Unknown command.
You feel very mighty all of a sudden.
You feel very buoyant.
You fly up into the air.
You fail to use your ability.
You can now deal lightning-fast blows.
Really fly into a travel-excluded area?
The ice statue glitters chillingly in the dim dungeon light.
The ice statue gestures.
Unknown command.
Found a metal-bound book.
Unknown command.
Unknown command.
The ice statue gestures at you. The shard of ice hits you!
Ouch! That really hurt!
You die...

###.#########
#..# ######'###
#........#######
#.##.....+......
#....§.Z....#
#....≈≈≈....#
#...##§##..##
##.≈#@$)#≈.#
#.≈§[8Y≈≈.#
#§§#:(:#≈.#
#..##§##..# #.
≈§≈ ...# #
..§§...# ... .#


You could see an ice statue, an ice beast and a friendly ogre skeleton.

Vanquished Creatures
  A two-headed ogre (D:9)
  An orc sorcerer (D:9)
  A deep elf mage (D:13)
  A centaur zombie (D:11)
  4 yaks (D:9)
  A hungry ghost (D:11)
  2 orc warriors
  A black bear (D:11)
  An ogre (D:14)
  A centaur (D:9)
  A crocodile (D:13)
  2 bullfrogs
  A scorpion (D:9)
  A water moccasin skeleton (D:9)
  3 orc priests
  3 hounds
  A jelly (D:11)
  2 orc wizards
  A worker ant (D:6)
  A mummy (Ossuary)
  A gnoll (D:1)
  3 adders
  2 adder skeletons
  2 adder zombies
  A leopard gecko (D:3)
  14 orcs
  6 bats
  2 giant cockroaches
  2 hobgoblins
  3 jackals
  2 kobolds
  A quokka (D:3)
  A frilled lizard (D:2)
  2 goblins
  A jackal skeleton (D:4)
  A jackal zombie (D:6)
  2 kobold zombies
  An orc zombie (Ossuary)
  A quokka skeleton (D:5)
  A quokka zombie (D:5)
  2 rats
81 creatures vanquished.

Vanquished Creatures (collateral kills)
  A two-headed ogre (D:9)
  A wizard (D:9)
  An orc sorcerer (D:9)
  The ghost of Armakuni the Skirmisher, a novice NaFi (D:4)
  A yak (D:9)
  A hungry ghost (D:11)
  An orc warrior (D:7)
  An ice beast (D:9)
  3 black bears
  A phantom (D:8)
  4 ogres
  A centaur (D:7)
  A bullfrog (D:6)
  4 crimson imps
  A bullfrog zombie (D:5)
  A jelly (D:6)
  An orc priest (D:7)
  2 iguanas
  2 orc wizards
  3 worker ants
  A hound zombie (D:6)
  7 mummies (Ossuary)
  4 adders
  3 shadow imps
  An ooze (D:2)
  2 worms
  An adder skeleton (D:7)
  A dart slug (D:2)
  15 orcs
  A giant cockroach (D:3)
  A gnoll zombie (Ossuary)
  2 goblins
  3 hobgoblins
  3 jackals
  3 kobolds
  A quokka (D:7)
  A bat (D:3)
  2 hobgoblin zombies (Ossuary)
  2 kobold zombies (Ossuary)
  An orc zombie (Ossuary)
87 creatures vanquished.

Grand Total: 168 creatures vanquished

Notes
Turn   | Place    | Note
-------+----------+-------------------------------------------
     0 | D:1      | 4thArraOfDagon the Felid Summoner began the quest for the Orb.
     0 | D:1      | Reached XP level 1. HP: 7/7 MP: 4/4
    37 | D:2      | Reached skill level 1 in Unarmed Combat
    99 | D:2      | Reached XP level 2. HP: 9/11 MP: 3/6
   400 | D:1      | Reached XP level 3. HP: 8/14 MP: 7/7
   508 | D:2      | Learned a level 3 spell: Call Canine Familiar
   934 | D:4      | Found a basalt altar of Yredelemnul.
   950 | D:5      | Entered Level 5 of the Dungeon
   965 | D:5      | Found a glowing golden altar of the Shining One.
  1243 | D:5      | Reached XP level 4. HP: 16/18 MP: 3/8
  1247 | D:5      | Noticed an ogre
  1268 | D:5      | Killed an ogre
  1390 | D:6      | Noticed a bullfrog
  1392 | D:6      | Found an ornate altar of the Wu Jian Council.
  1400 | D:6      | Slain by a bullfrog
  1401 | D:6      | Reached XP level 3. HP: 0/14 MP: 3/7
  1406 | D:6      | Killed a bullfrog
  1406 | D:6      | Reached XP level 4. HP: 18/18 MP: 8/8
  1486 | D:6      | Found a sand-covered staircase.
  1532 | Ossuary  | Entered an ossuary
  1571 | Ossuary  | Reached XP level 5. HP: 21/21 MP: 9/9
  1589 | Ossuary  | Reached skill level 5 in Summonings
  2027 | D:6      | Noticed an ogre
  2048 | D:6      | Killed an ogre
  2109 | D:6      | Learned a level 4 spell: Summon Lightning Spire
  2171 | D:7      | You fall through a shaft!
  2233 | D:8      | Gained mutation: You are covered in thick fur. (AC +2) [Felid growth]
  2233 | D:8      | Reached XP level 6. HP: 24/24 MP: 2/10
  2256 | D:8      | Found a hide-covered altar of Uskayaw.
  2259 | D:8      | Noticed a dagger
  2260 | D:8      | Noticed a dagger
  2388 | D:8      | Reached skill level 5 in Stealth
  2413 | D:7      | Noticed an orc warrior
  2522 | D:7      | Noticed an orc warrior
  2734 | D:5      | Reached XP level 7. HP: 24/27 MP: 7/11
  2847 | D:5      | Found a staircase to the Ecumenical Temple.
  2858 | Temple   | Entered the Ecumenical Temple
  2920 | Temple   | Became a worshipper of Warmaster Okawaru
  3032 | D:5      | HP: 1/27 [orc wizard/magic dart (5)]
  3567 | D:4      | Found a shadowy altar of Dithmenos.
  3712 | D:4      | Noticed Armakuni's ghost (novice NaFi)
  3770 | D:4      | Killed Armakuni's ghost
  3770 | D:4      | Reached * piety under Okawaru
  3770 | D:4      | Reached skill level 1 in Fighting
  3965 | D:5      | Reached skill level 5 in Unarmed Combat
  4054 | D:6      | Learned a level 2 spell: Passwall
  4100 | D:7      | Reached ** piety under Okawaru
  4148 | D:7      | Reached skill level 1 in Invocations
  4148 | D:7      | Reached XP level 8. HP: 18/32 MP: 7/13
  4186 | D:7      | Found a radiant altar of Vehumet.
  4331 | D:7      | Reached skill level 5 in Dodging
  4499 | D:9      | Noticed a two-headed ogre
  4580 | D:9      | Killed a two-headed ogre
  4580 | D:9      | Reached *** piety under Okawaru
  4580 | D:9      | Reached **** piety under Okawaru
  4635 | D:9      | Learned a level 1 spell: Animate Skeleton
  4656 | D:9      | Found Net Buck's Armour Shoppe.
  4670 | D:9      | Noticed a two-headed ogre
  4690 | D:9      | Killed a two-headed ogre
  4690 | D:9      | Reached ***** piety under Okawaru
  4974 | D:9      | Found a sparkling altar of Nemelex Xobeh.
  4995 | D:8      | Found an opulent altar of Gozag.
  5047 | D:9      | Reached XP level 9. HP: 37/37 MP: 10/15
  5226 | D:9      | Noticed an orc sorcerer
  5359 | D:9      | Noticed a wizard
  5359 | D:9      | Noticed an orc sorcerer
  5396 | D:9      | Killed a wizard
  5482 | D:9      | Noticed a red devil
  5482 | D:9      | Killed an orc sorcerer
  5511 | D:9      | Noticed a rust devil
  5511 | D:9      | Paralysed by an orc sorcerer for 5 turns
  5514 | D:9      | Noticed an orange demon
  5514 | D:9      | Slain by a rust devil
  5515 | D:9      | Reached XP level 8. HP: 0/34 MP: 11/14
  5572 | D:9      | Killed an orc sorcerer
  5692 | D:9      | Reached XP level 9. HP: 27/38 MP: 5/16
  5899 | D:10     | Entered Level 10 of the Dungeon
  6158 | D:11     | Found Kiumol's General Store.
  6164 | D:11     | Bought a scroll of fear for 49 gold pieces
  6164 | D:11     | Bought a scroll of fog for 28 gold pieces
  6198 | D:11     | Found a bloodstained altar of Trog.
  6289 | D:12     | Noticed a gargoyle
  6339 | D:13     | Reached ****** piety under Okawaru
  6774 | D:13     | Noticed a deep elf mage
  6776 | D:13     | Killed a deep elf mage
  6821 | D:14     | Noticed an ice statue
  6833 | D:14     | Killed from afar by an ice statue

Vault maps used:
D:1:      doesnt_arrival_goblin_jail, minmay_strange_pillars
D:2:      first_bread
D:3:      uniq_jessica
D:4:      tso_altar, nicolae_dithmenos_through_a_glass_darkly,
          yredelemnul_forgotten_temple_becter, corexii_shack,
          minmay_misc_feat_chi
D:5:      minmay_temple_entry_statues, basic_altar
D:6:      overflow_temple_1_default, enter_ossuary_3
D:7:      marbit_many_paths
D:8:      kennysheep_seaside_town, dancing_weapons_uskayaw,
          nicolae_overflow_hidden_temple, uniq_maurice
D:9:      cheibrodos_wizards_tower, nemelex_xobeh_ov_fountains_minmay,
          minmay_orc_entry_guard_dogs, serial_shops, nicolae_shop_behind_doors,
          blue_anna_alchemist, minmay_misc_feat_square
D:10:     minmay_misc_feat_pillars
D:11:     lair_entry_dummy, serial_shops, shop, basic_altar, uniq_harold
D:12:     nrook_guardian_serpent_snake_passage, st_stairs_10
D:13:     hangedman_vaults_entry_quadrant_bands
D:14:     serial_park_paths, minmay_holes, minivault_15, lemuel_flamethrower_1,
          uniq_louise, uniq_roxanne
Temple:   eino_temple_water
Ossuary:  ossuary_tomb_3

Skill      XL: |  1  2  3  4  5  6  7  8  9 |
---------------+----------------------------+-----
Unarmed Combat | 1 2 3 4 5 7 |  7.9
Stealth        | 3 4 5 6 8 |  8.5
Dodging        | 3 4 5 7 |  7.5
Summonings     | 5 6 8 |  8.5
Fighting       | 1 3 |  3.8
Spellcasting   | 3 4 |  4.4
Invocations    | 1 3 |  3.9

Action                   |  1- 3 |  4- 6 |  7- 9 || total
-------------------------+-------+-------+-------++-------
Melee: Unarmed           |    82 |    76 |   286 ||   444
       Bite              |     5 |     5 |    30 ||    40
       Punch             |       |     1 |     3 ||     4
 Cast: Summon Small Mamm |    30 |    22 |       ||    52
       Call Canine Famil |     7 |    22 |    14 ||    43
       Summon Lightning  |       |     3 |    35 ||    38
       Animate Skeleton  |       |       |     5 ||     5
Invok: Heroism           |       |       |     9 ||     9
       Finesse           |       |       |     2 ||     2
Evoke: Wand              |       |       |     6 ||     6
  Use: Scroll            |       |     8 |     4 ||    12
       Potion            |       |       |     6 ||     6
 Stab: Sleeping          |     2 |     4 |    10 ||    16
       Distracted        |     1 |     1 |     6 ||     8
  Eat: Chunk             |     7 |    10 |    23 ||    40
Armor: Skin              |     7 |     4 |     5 ||    16
Dodge: Dodged            |    65 |    70 |   225 ||   360
